 Dungeon Crawl Stone Soup version 0.32-a0-876-gcfddb08e57 (webtiles) character file.

Game seed: 10432676021847108199

3835 Cheivey the Blocker (level 10, 0/79 (80) HPs)
             Began as a Formicid Fighter on Mar 31, 2024.
             Was a Priest of Ashenzari.
             Killed from afar by a rime drake (22 damage)
             ... with an icy flash freeze
             ... on level 8 of the Dungeon.
             The game lasted 00:15:45 (6554 turns).

Cheivey the Blocker (Formicid Fighter)              Turns: 6554, Time: 00:15:46

HP:   0/79 (80)     AC: 11    Str: 25    XL:     10   Next: 40%
MP:   10/10         EV:  8    Int:  8    God:    Ashenzari [***...]
Gold: 391           SH:  7    Dex: 13    Spells: 9/9 levels left

rFire   + . .        d - +2 halberd of Ashenzari's Adversity {Range, Bglg} (curse)
rCold   + . .        c - +0 buckler of Desmomancy {Fort, Cun} (curse)
rNeg    . . .        i - +0 chain mail
rPois   .            (helmet unavailable)
rElec   .            e - scarf "Thunder Perfect Mind" {rC+ rF+, Bglg, Range} (curse)
rCorr   .            (no gloves)
SInv    +            (no boots)
Will    +++..        j - amulet "Overhang to Understand" {Regen+, Range, Cun} (curse) Stlth
                     g - ring "Ruined Syndicalism" {Will+, Cun, Range} (curse)
HPRegen 1.13/turn    x - ring of willpower
MPRegen 0.12/turn

%: clarity
@: lightly drained
A: permanent stasis, dig shafts and tunnels, antennae 3, four strong arms
a: Dig, Shaft Self, Renounce Religion, Shatter the Chains


You were on level 8 of the Dungeon.
You worshipped Ashenzari.
Ashenzari was most pleased with you.
You visited 1 branch of the dungeon, and saw 8 of its levels.
You also visited: Ossuary.

You collected 391 gold pieces.

Inventory:

Hand Weapons
 a - a +0 vampiric trident
 d - the cursed +2 halberd of Ashenzari's Adversity (weapon) {Range, Bglg}
   (You took it off a gnoll on level 4 of the Dungeon)

   It has a curse which improves the following skills: Ranged Combat: Ranged
   Weapons and Throwing.
   Beguiling: Hexes and Translocations.
 t - a +2 flail of venom
Armour
 c - the cursed +0 buckler of Desmomancy (worn) {Fort, Cun}

   It has a curse which improves the following skills: Fortitude: Armour and
   Shields.
   Cunning:   Dodging and Stealth.
 e - the cursed scarf "Thunder Perfect Mind" (worn) {rC+ rF+, Bglg, Range}
   (You found it on level 2 of the Dungeon)

   It has a curse which improves the following skills: Beguiling: Hexes and
   Translocations.
   Ranged Combat: Ranged Weapons and Throwing.
 i - a +0 chain mail (worn)
Jewellery
 g - the cursed ring "Ruined Syndicalism" (left hand) {Will+, Cun, Range}
   (You found it on level 2 of the Dungeon)

   [ring of willpower]

   Will+:     It increases your willpower.
   It has a curse which improves the following skills: Cunning: Dodging and
   Stealth.
   Ranged Combat: Ranged Weapons and Throwing.
 j - the cursed amulet "Overhang to Understand" (around neck) {Regen+, Range, Cun}
   (You found it on level 3 of the Dungeon)

   [amulet of regeneration]

   Regen+:    It increases your rate of health regeneration.
   It has a curse which improves the following skills: Ranged Combat: Ranged
   Weapons and Throwing.
   Cunning:   Dodging and Stealth.
 x - a ring of willpower (right hand)
Scrolls
 m - 4 scrolls of immolation
 n - 4 scrolls of identify
 o - 2 scrolls of poison
 q - a scroll of torment
 s - a scroll of silence
Potions
 b - a potion of attraction
 f - a potion of mutation
 k - a potion of lignification
 p - a potion of ambrosia
 r - a potion of enlightenment
 w - a potion of brilliance


   Skills:
 + Level 8.2 Fighting
 + Level 7.8 Polearms
 + Level 8.2(9.7) Armour
 - Level 0.8(2.3) Dodging
 - Level 1.0(2.6) Stealth
 + Level 10.3(11.8) Shields


You had 9 spell levels left.
You didn't know any spells.
Your spell library contained the following spells:

 Spells                   Type           Power      Damage    Failure   Level
 Kiss of Death            Conj/Necr      0%         2d5       90%         1
 Lesser Beckoning         Tloc           0%         N/A       95%         2
 Confusing Touch          Hex            0%         N/A       99%         3
 Teleport Other           Tloc           0%         N/A       99%         3
 Dispel Undead            Necr           0%         3d6       100%        4
 Maxwell's Portable Pile  Tloc           Unusable   2d(5-10)  N/A         4

Dungeon Overview and Level Annotations

Branches:
Dungeon (8/15) Zot: 26803  Temple (0/1) D:7         Ossuary (visited)
   Lair: D:8-11

Altars:
Ashenzari
Gozag
Kikubaaqudgha
Nemelex Xobeh
Ru
Uskayaw
The Shining One

Shops:
D:8 (

Annotations:
D:5 3 runed translucent doors, DeathSocks's ghost, weakling VSDe


Innate Abilities, Weirdness & Mutations

You cannot be hasted, slowed, berserked, paralysed or teleported.
You can dig through walls and to a lower floor.
You have a pair of large antennae on your head. (SInv)
Your four strong arms can wield two-handed weapons with a shield.


Message History

You are too injured to fight recklessly!
You are too injured to fight recklessly!
You are too injured to fight recklessly!
You are too injured to fight recklessly!
You are too injured to fight recklessly!
You are too injured to fight recklessly!
You are too injured to fight recklessly!
You are too injured to fight recklessly!
You are too injured to fight recklessly!
You are too injured to fight recklessly!
You are too injured to fight recklessly!
You feel better. The polar bear closely misses you.
The polar bear claws you but does no damage.
The polar bear barely misses you.
You puncture the polar bear!
The polar bear is severely wounded.
The polar bear bites you!
The polar bear claws you but does no damage. x2
You hit the polar bear but do no damage.
The polar bear is severely wounded.
The polar bear barely misses you.
The polar bear claws you but does no damage.
You block the polar bear's attack.
You closely miss the polar bear.
The polar bear is severely wounded.
The polar bear bites you.
* * * LOW HITPOINT WARNING * * *
The polar bear claws you.
* * * LOW HITPOINT WARNING * * *
The polar bear claws you but does no damage.
You slice the polar bear!!
You kill the polar bear!
You hit the centaur.
You kill the centaur!
Unknown command.
You completely miss the rime drake. The rime drake bites you.
* * * LOW HITPOINT WARNING * * *
The rime drake breathes ice at you. The icy flash freeze hits you!!
You partially resist.
You die...

............##.........#.###
#...~..#######....##.#.#.#
.......# #....##.<#.#.#.#
#......#####.#.....#.#.#.#
..~....#.....#.......#.#.#
.....~.#.######...####.#.#
#....k.......#.>.......#
#..###.#####.#.#####.### ...
#..#@##.#.# #.# .
#.#k###.#.# ##.# #.#####.#..
.#.# #.##....#.# .#.#
#.......#####.#.#
#.............#.#
#..........(..#.#
##...#######.##.##### #...#
#.##......


You could see a rime drake (catching breath).

Vanquished Creatures
  A cyclops (D:8)
  Grinder (D:6)
  A polar bear (D:8)
  Eustachio (D:6)
  2 water moccasins
  An orc warrior (D:8)
  A sky beast (D:6)
  An ice beast (D:5)
  An ogre (D:4)
  A phantom (D:5)
  A centaur (D:8)
  2 kobold brigands
  2 bullfrogs
  8 scorpions
  4 wights (D:6)
  6 killer bees (D:7)
  A centaur zombie (Ossuary)
  2 human zombies (Ossuary)
  2 jellies
  5 hounds
  A sleepcap (D:7)
  6 scorpion zombies (Ossuary)
  2 orc wizards
  4 mummies
  Robin (D:2)
  10 gnolls
  5 adders
  A white imp (D:7)
  5 dart slugs
  A ribbon worm (D:2)
  23 orcs
  5 ball pythons
  6 endoplasms
  3 giant cockroaches (D:4)
  A gnoll zombie (Ossuary)
  15 goblins
  6 hobgoblins
  9 jackals
  13 kobolds
  3 quokkas
  A ball python zombie (Ossuary)
  10 bats
  3 frilled lizards
  A hobgoblin zombie (D:5)
  A kobold zombie (D:5)
  5 orc zombies (Ossuary)
  8 rats
193 creatures vanquished.

Vanquished Creatures (collateral kills)
  A scorpion (D:2)
1 creature vanquished.

Grand Total: 194 creatures vanquished

Notes
Turn   | Place    | Note
-------+----------+-------------------------------------------
     0 | D:1      | Cheivey the Formicid Fighter began the quest for the Orb.
     0 | D:1      | Reached XP level 1. HP: 18/18 MP: 1/1
   295 | D:1      | Reached XP level 2. HP: 17/24 MP: 2/2
   600 | D:1      | Reached XP level 3. HP: 29/29 MP: 3/3
   857 | D:1      | Reached skill level 5 in Shields
  1361 | D:2      | Noticed a scorpion
  1381 | D:2      | Killed a scorpion
  1382 | D:2      | Reached skill level 1 in Stealth
  1382 | D:2      | Reached XP level 4. HP: 3/35 MP: 4/4
  1382 | D:2      | Reached XP level 5. HP: 3/41 MP: 5/5
  1950 | D:2      | Noticed Robin
  1955 | D:2      | Killed Robin
  2305 | D:3      | Found a faded altar of an unknown god.
  2349 | D:3      | Prayed at the altar of an unknown god.
  2349 | D:3      | Became a worshipper of Ashenzari the Shackled
  2549 | D:3      | Reached XP level 6. HP: 47/48 MP: 6/6
  2880 | D:4      | Reached skill level 6 in Shields
  3121 | D:4      | Noticed an ogre
  3140 | D:4      | Killed an ogre
  3141 | D:4      | Reached XP level 7. HP: 31/55 MP: 7/7
  3261 | D:4      | Found an opulent altar of Gozag.
  3265 | D:4      | Found an ancient bone altar of Kikubaaqudgha.
  3324 | D:4      | Found a glowing golden altar of the Shining One.
  3327 | D:4      | Found a sparkling altar of Nemelex Xobeh.
  3654 | D:5      | Entered Level 5 of the Dungeon
  3655 | D:5      | Reached * piety under Ashenzari
  3709 | D:5      | Noticed a water moccasin
  3720 | D:5      | Killed a water moccasin
  3745 | D:5      | Reached skill level 5 in Polearms
  3749 | D:5      | Reached skill level 5 in Fighting
  3749 | D:5      | Reached skill level 5 in Armour
  3749 | D:5      | Reached XP level 8. HP: 58/62 MP: 8/8
  3833 | D:5      | Reached skill level 7 in Shields
  3885 | D:5      | Reached ** piety under Ashenzari
  3916 | D:5      | Noticed DeathSocks's ghost (weakling VSDe)
  3918 | D:5      | Noticed a troll
  3947 | D:5      | Found a runed translucent gate.
  3947 | D:5      | Found a runed translucent gate.
  3949 | D:5      | Found a runed translucent gate.
  4063 | D:5      | Found a sacrificial altar of Ru.
  4144 | D:5      | Found a sand-covered staircase.
  4152 | Ossuary  | Entered an ossuary
  4336 | Ossuary  | Reached skill level 8 in Shields
  4348 | Ossuary  | Reached XP level 9. HP: 67/69 MP: 9/9
  4793 | D:6      | Noticed Eustachio
  4799 | D:6      | Killed Eustachio
  4881 | D:6      | Noticed Grinder
  4898 | D:6      | Killed Grinder
  5084 | D:6      | Reached skill level 9 in Shields
  5791 | D:7      | Reached XP level 10. HP: 68/79 MP: 10/10
  5882 | D:7      | Reached *** piety under Ashenzari
  5887 | D:7      | Noticed a +0 short sword
  5894 | D:7      | Noticed a +0 falchion
  5894 | D:7      | Noticed a +0 dagger
  5895 | D:7      | Noticed a +0 falchion
  5895 | D:7      | Noticed a +0 spear
  5896 | D:7      | Noticed a +0 spear
  5898 | D:7      | Noticed a +0 short sword
  5899 | D:7      | Noticed a +0 dagger
  5901 | D:7      | Found a hide-covered altar of Uskayaw.
  5925 | D:7      | Found a staircase to the Ecumenical Temple.
  6458 | D:8      | Found Inockufu's Antique Weapon Boutique.
  6470 | D:8      | Noticed a cyclops
  6483 | D:8      | Killed a cyclops
  6484 | D:8      | Reached skill level 10 in Shields
  6535 | D:8      | Noticed a rime drake
  6554 | D:8      | Killed from afar by a rime drake

Illustrated notes

Levels and vault maps discovered:
D:1:      heliophobic_arrival_henge, layout_loops_corners, dk_noncrumbling_3,
          amcnicky_mini_corridor_feature, st_stairs_6, minivault_11,
          corexii_leaking_fountain
D:2:      layout_rooms, uniq_robin
D:3:      layout_rooms, hellmonk_ecumenical_altar_arch_garden,
          hangedman_decor_points, minmay_misc_feat_enclosed
D:4:      layout_loops_cross, nicolae_overflow_hidden_temple,
          portal_sewer_entry_e
D:5:      layout_rooms, nicolae_ru_path_of_blood, gammafunk_ghost_split,
          nicolae_ossuary_entry_giza, hangedman_decor_push, minmay_diced_spiral
D:6:      layout_gridville, uniq_grinder, uniq_eustachio
D:7:      layout_loops_cross, nicolae_uskayaw_en_pointe,
          minmay_temple_entry_glass
D:8:      layout_basic, okawaru_gym_becter, hellmonk_lair_entry_icy,
          serial_shops, nicolae_shop_hallway_plus, st_stairs_4,
          minmay_the_grid_2x2 [minmay_the_grid_slots, minmay_the_grid_doors,
          minmay_the_grid_dragon_a, minmay_the_grid_prize_shrinking_boxes]

Skill      XL: |  1  2  3  4  5  6  7  8  9 10 |
---------------+-------------------------------+-----
Shields        | 5 6 8 9 10 | 10.3
Polearms       | 3 4 5 6 7 |  7.8
Stealth        | 1 |  1.0
Fighting       | 4 5 6 7 8 |  8.2
Armour         | 4 5 6 7 8 |  8.2
Dodging        | |  0.8

Action                     |  1- 3 |  4- 6 |  7- 9 | 10-12 || total
---------------------------+-------+-------+-------+-------++-------
  Melee: Trident           |   112 |   201 |     3 |       ||   316
         Halberd           |       |       |   394 |    73 ||   467
 Invoke: Curse Item        |       |     1 |     2 |     2 ||     5
Ability: Dig               |       |       |     1 |     2 ||     3
    Use: Potion            |     5 |     3 |     7 |     2 ||    17
         Scroll            |     2 |     7 |     2 |     1 ||    12
   Stab: Invisible         |       |       |     1 |       ||     1
 Armour: Scale mail        |    59 |    96 |   194 |       ||   349
         Skin              |    12 |       |       |       ||    12
         Chain mail        |       |       |   150 |    81 ||   231
  Dodge: Dodged            |    33 |    62 |   175 |    36 ||   306
  Block: Buckler           |    19 |    41 |   141 |    30 ||   231

Table legend: (Time is in decaauts)
 A = Elapsed time spent in this place.
 B = Non-inter-level travel time spent in this place.
 C = Inter-level travel time spent in this place.
 D = Time resting spent in this place.
 E = Time spent auto-exploring this place.
 F = Levels seen in this place.
 G = Mean time per level.
                   A        B        C        D        E       F      G
               +--------+--------+--------+--------+--------+-----+--------+
         Total |   6704 |   6460 |    244 |    465 |   4118 |   9 |  744.9 |
       Dungeon |   6307 |   6063 |    244 |    460 |   4084 |   8 |  788.4 |
       Ossuary |    396 |    396 |      0 |      5 |     34 |   1 |  396.0 |
               +--------+--------+--------+--------+--------+-----+--------+

Top non-repeatable levels by time:
     D:1: 1186 daAuts
     D:2: 995 daAuts
     D:4: 989 daAuts
     D:6: 952 daAuts
     D:5: 732 daAuts
     D:7: 709 daAuts
     D:3: 544 daAuts
 Ossuary: 396 daAuts
     D:8: 195 daAuts
